[Event "NJSK 2021 Jeugd A"]
[Site "Almelo, Netherlands"]
[Date "2021.08.02"]
[Round "2.4"]
[White "Bruil, Rembrandt"]
[Black "Roebers, Eline"]
[Result "1-0"]
[TimeControl "90min/40moves + 30min + 30sec/move"]
[WhiteElo "2105"]
[BlackElo "2173"]

1. d4 f5 2. Nc3 Nf6 3. Bg5 d5 4. Bxf6 exf6 5. e3 Be6 6. Bd3 Qd7 7. Nge2 Nc6 8. a3 Ne7 9. Qd2 O-O-O 10. b4 g5 11. a4 Kb8 12. a5 Nc8 13. Na4 Nd6 14. Nc5 Qe8 15. O-O Ne4 16. Qc1 c6 17. Qb2 a6 18. Rfd1 Bc8 19.
c4 dxc4 20. Bxc4 Nd6 21. Ba2 Nb5 22. d5 Bd6 23. dxc6 Qxc6 24. Nd4 Nxd4 25. exd4 Qc7 26. g3 f4 27. Rac1 Bxc5 28. bxc5 Qxa5 29.
c6 Ka8 30. Be6 Qb5 31. Qxb5 axb5 32. Bxc8 Rxc8 33. c7 b6 34. d5 Kb7 35. d6 b4 36. Rc4 b3 37. Rb4 Ra8 38. Rxb3 Kc6 39.
gxf4 gxf4 40. Kg2 Rhe8 41. Kf3 Re6 42. Rc1+ Kd7 43. Rxb6 Rc8 44. Rg1 Rxd6 45. Rg7+ Ke6 46. Rb8 Kd5 47. Ke4+ 1-0